 Dungeon Crawl Stone Soup version 0.25.1-2-g60ff931df9 (webtiles) character file.

Game seed: 260493167055015462

91 Delamore the Cudgeler (level 4, -3/28 HPs)
             Began as a Gargoyle Fighter on Aug 18, 2020.
             Killed from afar by Jessica (10 damage)
             ... with a puff of flame
             ... on level 2 of the Dungeon.
             The game lasted 00:01:11 (1399 turns).

Delamore the Cudgeler (Gargoyle Fighter)            Turns: 1399, Time: 00:01:11

Health: -3/28      AC: 10    Str: 21    XL:     4   Next: 57%
Magic:  4/4        EV:  7    Int:  8    God:
Gold:   98         SH:  9    Dex:  9    Spells: 3/3 levels left

rFire    . . .     SeeInvis .   a - +0 flail
rCold    . . .     Gourm    .   c - +0 kite shield
rNeg     + . .     Faith    .   b - +0 scale mail
rPois    ∞         Spirit   .   (no helmet)
rElec    +         Reflect  .   (no cloak)
rCorr    .         Harm     .   (no gloves)
MR       .....                  (no boots)
Stlth    ..........             (no amulet)
HPRegen  0.09/turn              (no ring)
MPRegen  0.09/turn              (no ring)

@: no status effects
A: negative energy resistance 1, electricity resistance, unbreathing,
petrification resistance, rot immunity, AC +3
a: no special abilities


You were on level 2 of the Dungeon.
You were not hungry.

You visited 1 branch of the dungeon, and saw 3 of its levels.

You collected 98 gold pieces.

Inventory:

Hand Weapons
 a - a +0 flail (weapon)
Missiles
 q - 4 javelins (quivered)
Armour
 b - a +0 scale mail (worn)
 c - a +0 kite shield (worn)
Scrolls
 e - a scroll of remove curse {unknown}
 h - a scroll of magic mapping {unknown}
 i - 2 scrolls of identify {unknown}
 l - a scroll of fog {unknown}
 m - 2 scrolls of amnesia {unknown}
 o - a scroll of noise {unknown}
Potions
 d - a potion of might
 j - a potion of heal wounds {unknown}
 k - a potion of curing {unknown}
 n - a potion of stabbing {unknown}
 p - a potion of cancellation {unknown}
Comestibles
 f - 2 rations
 g - 3 chunks of flesh


   Skills:
 - Level 3.2 Fighting
 + Level 4.6 Maces & Flails
 - Level 3.2 Armour
 - Level 3.2 Shields


You had 3 spell levels left.
You didn't know any spells.
Your spell library was empty.

Dungeon Overview and Level Annotations

Branches:
Dungeon (3/15)

Altars:

Annotations:
D:2 Jessica


Innate Abilities, Weirdness & Mutations

You are resistant to torment.
Your stone body is resilient. (AC +3)
You are immune to poison.
You resist negative energy. (rN+)
You are resistant to electric shocks. (rElec)
You can survive without breathing.
You are immune to petrification.
You are immune to rotting.


Message History

You are too injured to fight recklessly!
You are too injured to fight recklessly!
You are too injured to fight recklessly!
You are too injured to fight recklessly!
You are too injured to fight recklessly!
You are too injured to fight recklessly!
You are too injured to fight recklessly!
You are too injured to fight recklessly!
You are too injured to fight recklessly!
You are too injured to fight recklessly!
You are too injured to fight recklessly!
You are too injured to fight recklessly!
You are too injured to fight recklessly!
The hobgoblin shouts!
You see here a hobgoblin corpse.
Jessica zaps a wand.
The puff of flame hits you.
* * * LOW HITPOINT WARNING * * *
You block the hobgoblin's attack. The hobgoblin barely misses you.
Jessica zaps a wand.
The puff of flame hits you!
You die...

# #.#############
#.##.............
#.....g........#
#..............#
#..............#
#^.............#
#.......gg.....#
#.......@......##
###
#..........@....##
#<.
#.#................#
###
#.#................#
#.#.##########..#..#
#.#'##########.#_#.#
#...........##..#..#
#..................#
#
#...........#.....##
#
#.#.###############


You could see Jessica and 3 hobgoblins.

Vanquished Creatures
  Natasha (D:2)
  2 adders (D:2)
  2 worms (D:2)
  2 dart slugs
  A leopard gecko (D:1)
  5 giant cockroaches
  3 goblins
  5 hobgoblins
  4 kobolds
  A quokka (D:2)
  3 bats
  5 frilled lizards (D:1)
  4 rats
38 creatures vanquished.

Notes
Turn   | Place    | Note
-------+----------+-------------------------------------------
     0 | D:1      | Delamore the Gargoyle Fighter began the quest for the Orb.
     0 | D:1      | Reached XP level 1. HP: 14/14 MP: 1/1
    86 | D:1      | Reached XP level 2. HP: 19/19 MP: 2/2
   134 | D:1      | Reached skill level 3 in Maces & Flails
   544 | D:1      | Reached XP level 3. HP: 23/23 MP: 3/3
   806 | D:2      | Noticed Jessica
   816 | D:2      | You fall into a shaft and drop 1 floor!
  1052 | D:2      | Noticed Natasha
  1064 | D:2      | Killed Natasha
  1064 | D:2      | Reached skill level 4 in Maces & Flails
  1064 | D:2      | Reached XP level 4. HP: 14/28 MP: 4/4
  1374 | D:2      | Found a faded altar of an unknown god.
  1399 | D:2      | Killed from afar by Jessica

Illustrated notes

Levels and vault maps discovered:
D:1:      dpeg_arrival_fog, layout_loops_ring
D:2:      layout_basic, chequers_ecumenical_altar_simple, uniq_natasha,
          uniq_jessica
D:3:      layout_loops_ring

Skill      XL: |  1  2  3 |
---------------+----------+-----
Maces & Flails | 3 4 |  4.6
Fighting       | |  3.2
Armour         | |  3.2
Shields        | |  3.2

Action                   |  1- 3 |  4- 6 || total
-------------------------+-------+-------++-------
Melee: Flail             |   136 |    33 ||   169
  Eat: Chunk             |     1 |     1 ||     2
Armor: Scale mail        |    75 |    13 ||    88
Dodge: Dodged            |    40 |    13 ||    53
Block: Kite shield       |    67 |    21 ||    88
